 Dungeon Crawl Stone Soup version 0.30-b1-2-g02819fbbbe (webtiles) character file.

Game seed: 16874151693701086355

53 rdm the Conjurer (level 4, -2/30 HPs)
             Began as a Human Conjurer on June 17, 2023.
             Slain by an orc wizard
             ... wielding a +0 dagger
              (3 damage)
             ... on level 3 of the Dungeon.
             The game lasted 00:09:48 (2064 turns).

rdm the Conjurer (Human Conjurer)                   Turns: 2064, Time: 00:09:49

Health: -2/30      AC:  2    Str:  8    XL:     4   Next: 11%
Magic:  1/7        EV: 12    Int: 20    God:
Gold:   56         SH:  0    Dex: 11    Spells: 4/7 levels left

rFire   + . .        j - +0 falchion
rCold   x . .        (no shield)
rNeg    . . .        a - +0 robe
rPois   .            (no helmet)
rElec   .            (no cloak)
rCorr   .            (no gloves)
SInv    .            (no boots)
Will    .....        (no amulet)
Stlth   ++           b - ring of fire
HPRegen 0.25/turn    (no ring)
MPRegen 0.10/turn

%: no passive effects
@: no status effects
A: no striking features
a: no special abilities


You were on level 3 of the Dungeon.
You visited 1 branch of the dungeon, and saw 3 of its levels.

You collected 131 gold pieces.
You spent 75 gold pieces at shops.

Inventory:

Hand Weapons
 g - a +0 mace
 j - a +0 falchion (weapon)
Armour
 a - a +0 robe (worn)
Jewellery
 b - a ring of fire (left hand)
 f - a ring of protection from cold
Scrolls
 d - a scroll of fog {unknown}
 e - a scroll of teleportation {unknown}
 k - a scroll of identify {unknown}
 n - a scroll of magic mapping
 p - a scroll of enchant weapon {unknown}
 q - a scroll of enchant armour {unknown}
 r - 2 scrolls of poison {unknown}
Potions
 c - 2 potions of ambrosia {unknown}
 h - a potion of might {unknown}
 i - a potion of haste {unknown}
 l - a potion of cancellation {unknown}
 m - a potion of degeneration {unknown}
 o - a potion of mutation {unknown}


   Skills:
 * Level 2.7 Dodging
 + Level 2.4 Stealth
 + Level 2.4 Spellcasting
 * Level 4.5 Conjurations


You had 4 spell levels left.
You knew the following spells:

 Your Spells              Type           Power      Damage    Failure   Level
a - Magic Dart            Conj           80%        1d7       2%          1
b - Searing Ray           Conj           40%        2d5       3%          2

Your spell library contained the following spells:

 Spells                   Type           Power      Damage    Failure   Level
 Dazzling Flash           Conj/Hex       22%        N/A       19%         3
 Fulminant Prism          Conj/Hex       5%         3d7       52%         4
 Iskenderun's Mystic Bla  Conj/Tloc      11%        2d4       52%         4


Dungeon Overview and Level Annotations

Branches:
Dungeon (3/15)

Altars:

Shops:
D:2 *


Message History

(Press . to maintain the ray.) Without enough magic to sustain it, your searing ray dissipates.
The orc wizard casts a spell at you. The magic dart hits you.
You barely miss the orc wizard.
The orc wizard hits you with a +0 dagger. x2
You barely miss the orc wizard.
The orc wizard hits you with a +0 dagger.
You hit the orc wizard.
The orc wizard is lightly wounded.
The orc wizard points at you and mumbles some strange words.
The puff of flame misses you.
You hit the orc wizard.
The orc wizard is heavily wounded.
The orc wizard closely misses you.
You closely miss the orc wizard.
The orc wizard is heavily wounded.
The orc wizard closely misses you.
The orc wizard mumbles some strange words.
The orc wizard flickers and vanishes!
Deactivating autopickup; reactivate with Ctrl-A.
You closely miss something.
You hear some strange, mumbled words.
A magic dart appears from out of thin air!
The magic dart hits you!
You miss something. Something hits you but does no damage.
You barely miss something.
You hear some strange, mumbled words.
A magic dart appears from out of thin air!
The magic dart hits you!
* * * LOW HITPOINT WARNING * * *
Something hits you.
* * * LOW HITPOINT WARNING * * *
You closely miss something. Something hits you but does no damage.
You closely miss something. Something hits you.
* * * LOW HITPOINT WARNING * * *
You closely miss something. Something hits you but does no damage.
Something barely misses you.
You closely miss something. Something hits you.
You die...

#######.#####.#.###.#
............#.......#
###########.#.#######.
#.......†.........
#####.##....#.########
.........####.#
#####.#..# #.#
###.....#..####.#
.......#..{@...#
#.##.##...#####
#...(.)...#
...####.###..#
#............#
.#.####.####.#
.######.####.#
.).........#.#
#######.##.#.#


There were no monsters in sight!

Vanquished Creatures
  An adder (D:3)
  A worm (D:2)
  A dart slug (D:2)
  2 orcs (D:3)
  3 endoplasms
  A giant cockroach (D:3)
  5 goblins
  5 hobgoblins
  2 quokkas
  6 ball pythons
  A bat (D:1)
  3 frilled lizards (D:1)
  A kobold (D:2)
  6 rats
38 creatures vanquished.

Notes
Turn   | Place    | Note
-------+----------+-------------------------------------------
     0 | D:1      | rdm the Human Conjurer began the quest for the Orb.
     0 | D:1      | Reached XP level 1. HP: 13/13 MP: 3/3
   183 | D:1      | Reached XP level 2. HP: 19/19 MP: 0/5
  1076 | D:2      | Reached XP level 3. HP: 24/24 MP: 3/6
  1337 | D:2      | Learned a level 2 spell: Searing Ray
  1410 | D:2      | Found Ahollet's General Store.
  1418 | D:2      | Bought a scroll of magic mapping for 75 gold pieces
  1940 | D:3      | Reached XP level 4. HP: 21/30 MP: 5/7
  2062 | D:3      | HP: 1/30 [something (4)]
  2064 | D:3      | Slain by an orc wizard

Illustrated notes

Levels and vault maps discovered:
D:1:      roderic_octagonal_star, layout_loops_ring
D:2:      layout_basic, serial_shops, nicolae_shop_trees,
          kennysheep_generic_room_10
D:3:      layout_basic, grunt_dithmenos_smoke, uniq_crazy_yiuf_cottage

Action                     |  1- 3 |  4- 6 || total
---------------------------+-------+-------++-------
  Melee: Mace              |     3 |       ||     3
         Falchion          |    18 |    12 ||    30
   Cast: Magic Dart        |    65 |     6 ||    71
         Searing Ray       |     1 |     2 ||     3
    Use: Potion            |     1 |       ||     1
 Armour: Robe              |    13 |     3 ||    16
  Dodge: Dodged            |    32 |     8 ||    40
